 Dungeon Crawl Stone Soup version 0.18-a0-1639-g7533f42 (webtiles) character file.

70 syage the Covered (level 4, 0/37 HPs)
             Began as a Formicid Fighter on Mar 27, 2016.
             Slain by a hobgoblin (2 damage)
             ... led by Robin
             ... on level 3 of the Dungeon.
             The game lasted 00:03:24 (1246 turns).

syage the Covered (Formicid Fighter)                Turns: 1246, Time: 00:03:25

Health: 0/37       AC:  8    Str: 22    XL:     4   Next: 45%
Magic:  4/4        EV:  8    Int:  7    God:
Gold:   112        SH:  9    Dex: 10    Spells: 0 memorised, 3 levels left

rFire  . . .     SeeInvis +     a - +0 war axe
rCold  . . .     Gourm    .     b - +0 scale mail
rNeg   . . .     Faith    .     c - +0 shield
rPois  .         Spirit   .     (helmet unavailable)
rElec  .         Dismiss  .     (no cloak)
rCorr  .         Reflect  .     (no gloves)
SustAt .         Harm     .     l - +0 pair of boots
MR     .....                    (no amulet)
Stlth  ..........               (no ring)
                                (no ring)

@: lethally poisoned (0 -> -4), flying, not resistant to hostile enchantments,
extremely unstealthy
A: permanent stasis, dig shafts and tunnels, four strong arms, antennae 3
a: Dig, Shaft Self


You were on level 3 of the Dungeon.
You were very hungry.

You visited 1 branch of the dungeon, and saw 3 of its levels.

You collected 112 gold pieces.

Inventory:

Hand Weapons
 a - a +0 war axe (weapon)
Armour
 b - a +0 scale mail (worn)
 c - a +0 shield (worn)
 l - a +0 pair of boots (worn)
 m - a +0 shield
Scrolls
 e - 2 scrolls of random uselessness {unknown}
 g - 3 scrolls of teleportation {unknown}
 j - a scroll of noise {unknown}
 k - a scroll of remove curse {unknown}
 p - a scroll of identify {unknown}
Potions
 d - a potion of might
 h - a potion of haste {unknown}
 i - a potion of flight
 n - a potion of cancellation {unknown}
Comestibles
 f - 2 bread rations
 o - a slice of pizza


   Skills:
 + Level 3.9 Fighting
 + Level 2.4 Axes
 + Level 4.5 Armour
 + Level 0.6 Stealth
 - Level 3.7 Shields


You had 3 spell levels left.
You didn't know any spells.

Dungeon Overview and Level Annotations

Branches:
Dungeon (3/15)

Altars:

Annotations:
D:3 Robin


Innate Abilities, Weirdness & Mutations

You are under a permanent stasis effect.
You can dig through walls and to a lower floor.
Your four strong arms can wield two-handed weapons with a shield.
You have a pair of large antennae on your head (SInv).


Message History

The goblin is heavily wounded.
You closely miss the hobgoblin. You hit the hobgoblin but do no damage.
You slash the goblin!
You kill the goblin!
You hit the adder.
The adder is lightly wounded.
You feel sick. The hobgoblin closely misses you. The goblin hits you.
* * * LOW HITPOINT WARNING * * *
You block the adder's attack. The hobgoblin closely misses you.
The hobgoblin hits you.
* * * LOW HITPOINT WARNING * * *
The goblin hits you.
* * * LOW HITPOINT WARNING * * *
Drink which item? (? for menu, Esc to quit)
It was a potion of flight.
You feel very buoyant.
You fly up into the air.
The adder bites you but does no damage. The hobgoblin barely misses you.
You block Robin's attack. The adder bites you but does no damage.
The hobgoblin hits you.
You die...

......
###..#.#
##....#..
##.......##
##.........#
{
##.......g..
#........gg#
.......ggg@#
#.......gS#
#........g#
#......<..#
......)....#
####.#######
#


You could see Robin, an adder, 4 hobgoblins and 3 goblins.

Vanquished Creatures
  3 adders
  A dart slug (D:1)
  A worm (D:2)
  2 giant geckos
  10 goblins
  3 hobgoblins
  2 jackals (D:1)
  2 kobolds
  A quokka (D:2)
  3 bats (D:1)
  4 giant newts
  6 rats
38 creatures vanquished.

Notes
Turn   | Place    | Note
--------------------------------------------------------------
     0 | D:1      | syage the Formicid Fighter began the quest for the Orb.
     0 | D:1      | Reached XP level 1. HP: 18/18 MP: 1/1
    66 | D:1      | Reached XP level 2. HP: 21/24 MP: 2/2
   222 | D:1      | Reached XP level 3. HP: 28/30 MP: 3/3
   672 | D:2      | Reached skill level 4 in Armour
   692 | D:2      | Found a faded altar to an unknown god.
  1112 | D:2      | Reached XP level 4. HP: 30/37 MP: 4/4
  1236 | D:3      | Noticed Robin
  1246 | D:3      | Slain by a hobgoblin

Vault maps used:
D:1:      minmay_arrival_solitary_statue, minmay_strange_pillars,
          interstate_on_off, lemuel_another_geyser
D:2:      ecumenical_altar_1, minmay_misc_feat_five
D:3:      minitemple, first_bread, nrook_mini_backslash, uniq_robin

Skill      XL: |  1  2  3 |
---------------+----------+-----
Armour         | 4 |  4.5
Fighting       | |  3.9
Axes           | |  2.4
Stealth        | |  0.6
Shields        | |  3.7

Action                   |  1- 3 |  4- 6 || total
-------------------------+-------+-------++-------
Melee: War axe           |   109 |    10 ||   119
  Use: Potion            |       |     1 ||     1
